BOSTON vs PHILADELPHIA

Created - Wednesday, January 17, 2018 at 04:28

Goals
1 2 3 OT1 SO T
BOSTON 1 2 1 0 1 4
PHILADELPHIA 3 0 1 0 2 5
Shots
1 2 3 OT1 SO T
BOSTON 9 10 7 0 4 26
PHILADELPHIA 18 8 22 2 4 50

1st period

1. PHILADELPHIA , Mike Ribeiro 3 (Jamie Benn 18, Alex Pietrangelo 21) at 0:33
2. BOSTON , Derick Brassard 14 (Paul LaDue 12, Miles Wood 12) at 5:28 (PP)
3. PHILADELPHIA , Tyson Barrie 5 (Alex Pietrangelo 22) at 7:42 (PP)
4. PHILADELPHIA , Alex Pietrangelo 12 (Shane Doan 8, Jamie Benn 19) at 15:20 (PP)

Penalties :
Justin Braun (PHI) for Tripping (Minor) at 4:16, Paul Gaustad (BOS) for High sticking (Minor) at 5:42, Conor Allen (BOS) for High sticking (Minor) at 6:36, Oleg Yevenko (BOS) for Interference (Minor) at 15:02

2nd period

5. BOSTON , Miles Wood 8 (Derick Brassard 17) at 0:40
6. BOSTON , Ivan Provorov 5 (Dennis Seidenberg 11) at 15:28

Penalties :
Oleg Yevenko (BOS) for Hooking (Minor) at 11:48, Alex Pietrangelo (PHI) for Hooking (Minor) at 15:49

3rd period

7. PHILADELPHIA , Justin Braun 3 (Jake Gardiner 16, Jack Skille 7) at 10:13 (PP)
8. BOSTON , Evan Rodrigues 5 (Mike Weber 7, Gemel Smith 5) at 18:15

Penalties :
Henrik Lundqvist (BOS) for Delaying the game (Minor) at 8:30 - Oleg Yevenko served the penalty., Miles Wood (BOS) for Slashing (Minor) at 13:08

Overtime #1

No Goal

Penalties :
No Penalty

Shootout

Penalty Shot by Gemel Smith for BOSTON - Goal!
Penalty Shot by Magnus Paajarvi for PHILADELPHIA - Stopped by Henrik Lundqvist
Penalty Shot by Evan Rodrigues for BOSTON - Shot Misses the Net
Penalty Shot by Jamie Benn for PHILADELPHIA - Goal!
Penalty Shot by Markus Hannikainen for BOSTON - Stopped by Cory Schneider
Penalty Shot by Jimmy Hayes for PHILADELPHIA - Stopped by Henrik Lundqvist
Penalty Shot by Paul Gaustad for BOSTON - Stopped by Cory Schneider
Penalty Shot by Nick Cousins for PHILADELPHIA - Goal!

Penalties :
No Penalty

Goalie Stats

Henrik Lundqvist (BOS), 46 saves from 50 shots - (0.920), OTL, 6-15-3, 65:00 minutes
Cory Schneider (PHI), 22 saves from 26 shots - (0.846), W, 18-17-1, 65:00 minutes

Players Stats for BOSTON

Player Name              G  A  P  +/- PIM S  H  SB GA TA FO     MP     PP MP  PK MP  
------------------------------------------------------------------------------------
Brad Richards            0  0  0   0  0   0  0  0  0  0  0/5     2:34   0:00   2:34 
Conor Allen              0  0  0   0  2   0  2  2  0  0  0/0    19:12   0:15   2:53 
Dainius Zubrus           0  0  0   1  0   0  0  0  0  0  0/0    10:03   0:00   0:00 
Dennis Seidenberg        0  1  1   0  0   1  3  2  0  0  0/0    28:21   1:46   4:43 
Derick Brassard          1  1  2   1  0   8  1  1  0  0  2/4    23:00   1:35   6:08 
Drew Stafford            0  0  0  -1  0   0  1  0  0  0  0/2    19:49   1:36   1:15 
Evan Rodrigues           1  0  1   1  0   2  0  0  0  0  0/0    11:42   0:00   0:00 
Gemel Smith              0  1  1   1  0   3  0  0  0  0  0/2    13:24   0:15   0:27 
Ivan Barbashev           0  0  0   1  0   0  2  1  0  0  10/18  11:55   0:00   0:13 
Ivan Provorov            1  0  1   0  0   5  1  2  0  0  0/0    28:29   2:01   4:36 
Kevin Fiala              0  0  0  -1  0   0  0  0  0  0  2/4    19:05   1:36   1:15 
Markus Hannikainen       0  0  0   1  0   0  0  0  0  0  4/14   10:18   0:15   0:00 
Mike Weber               0  1  1   2  0   0  0  1  0  0  0/0    16:02   0:00   0:08 
Miles Wood               1  1  2   1  2   4  1  1  0  0  5/22   14:05   1:20   0:00 
Oleg Yevenko             0  0  0   0  4   0  2  1  0  0  0/0    19:04   1:10   0:48 
Paul Gaustad             0  0  0   1  2   1  0  0  0  0  1/1    10:02   0:00   0:00 
Paul LaDue               0  1  1   2  0   0  2  0  0  0  0/0    18:49   1:10   2:49 
Ronalds Kenins           0  0  0   0  0   0  0  0  0  0  0/0     0:00   0:00   0:00 
Scott Hartnell           0  0  0  -1  0   1  1  0  0  0  12/29  20:51   1:36   3:01 
Tommy Wingels            0  0  0   1  0   1  1  0  0  0  0/0    14:06   1:20   0:00 

Players Stats for PHILADELPHIA

Player Name              G  A  P  +/- PIM S  H  SB GA TA FO     MP     PP MP  PK MP  
------------------------------------------------------------------------------------
Adam Erne                0  0  0  -1  0   0  0  0  0  0  3/8     5:22   0:00   0:00 
Adam McQuaid             0  0  0  -1  0   0  6  0  0  0  0/0    16:03   0:00   0:37 
Alex Pietrangelo         1  2  3   0  2   5  4  2  0  0  0/0    28:40   4:59   0:36 
Andreas Johnsson         0  0  0   0  0   0  0  0  0  0  0/0     0:00   0:00   0:00 
Andrej Sustr             0  0  0  -1  0   0  0  1  0  0  0/0    17:40   0:00   2:14 
Brett Connolly           0  0  0   0  0   4  5  0  0  0  3/3    17:43   3:11   0:00 
Charles Hudon            0  0  0  -1  0   0  0  1  0  0  0/0     5:33   0:00   0:00 
Colby Robak              0  0  0   0  0   1  1  0  0  0  0/0     3:49   0:00   0:00 
Jack Skille              0  1  1  -1  0   1  2  0  0  0  8/11   13:36   3:11   2:28 
Jake Gardiner            0  1  1  -1  0   1  0  1  0  0  0/0    18:18   3:00   0:00 
Jamie Benn               0  2  2  -1  0   8  3  1  0  0  27/38  27:37   4:48   2:40 
Jimmy Hayes              0  0  0   0  0   1  4  0  0  0  5/12   11:55   0:00   0:00 
Josh Leivo               0  0  0   0  0   2  0  0  0  0  1/1    11:55   0:00   0:00 
Justin Braun             1  0  1  -1  2   3  2  1  0  0  0/0    19:39   3:00   1:22 
Magnus Paajarvi          0  0  0   0  0   4  0  0  0  0  0/1    15:16   0:00   0:00 
Matt Duchene             0  0  0   0  0   9  0  0  0  0  11/18  17:43   3:11   0:00 
Mike Ribeiro             1  0  1  -1  0   1  0  0  0  0  2/2    24:13   4:48   0:43 
Nick Cousins             0  0  0   0  0   2  0  0  0  0  1/2    11:55   0:00   0:00 
Shane Doan               0  1  1  -1  0   1  1  0  0  0  4/5    24:01   4:48   0:31 
Tyson Barrie             1  0  1   0  0   7  1  2  0  0  0/0    25:49   4:59   1:33 

3 Stars

1 - Alex Pietrangelo (PHI)
2 - Derick Brassard (BOS)
3 - Miles Wood (BOS)

Power Play

BOSTON - 1 on 2 Attempt(s) - 50.00%
PHILADELPHIA - 3 on 6 Attempt(s) - 50.00%

Penalty Kill

BOSTON - 3 on 6 Attempt(s) - 50.00% - Score 0 goal in Penalty Kill
PHILADELPHIA - 1 on 2 Attempt(s) - 50.00% - Score 0 goal in Penalty Kill

Team Stat

BOSTON - Hits : 17 - Faceoff Wins : 36 - Blocked Shots : 11 - Penalty Minutes : 12
PHILADELPHIA - Hits : 29 - Faceoff Wins : 65 - Blocked Shots : 9 - Penalty Minutes : 4

Official

Referees : Unknown
Linesman : Unknown

Game Notes

No Game Note

Finance

Level 1 -- Attendance: 4645 (77.42%) -- Ticket Income $464,500
Level 2 -- Attendance: 3586 (71.72%) -- Ticket Income $215,160
Level 3 -- Attendance: 1806 (90.30%) -- Ticket Income $63,210
Level 4 -- Attendance: 3588 (89.70%) -- Ticket Income $71,760
Luxury Box -- Attendance: 788 (78.80%) -- Ticket Income $157,600
Game was played at the Wells Fargo Center.
Total Attendance: 14413 (80.07%)
Total Ticket Income: $972,230
Total Income: $972,230

BOSTON

5 vs 5 Forward 
   Center                   Left Wing                Right Wing               Time % Phy DF OF 
 1 Scott Hartnell           Kevin Fiala              Drew Stafford            30     1   2  2  
 2 Miles Wood               Tommy Wingels            Derick Brassard          30     1   2  2  
 3 Ivan Barbashev           Gemel Smith              Evan Rodrigues           25     1   2  2  
 4 Markus Hannikainen       Dainius Zubrus           Paul Gaustad             15     1   2  2  

5 vs 5 Defense 
   Defense                  Defense                                           Time % Phy DF OF 
 1 Ivan Provorov            Dennis Seidenberg                                 35     1   2  2  
 2 Paul LaDue               Mike Weber                                        30     1   2  2  
 3 Conor Allen              Oleg Yevenko                                      25     1   2  2  
 4 Ivan Provorov            Dennis Seidenberg                                 10     1   2  2  

PowerPlay Forward 
   Center                   Left Wing                Right Wing               Time % Phy DF OF 
 1 Scott Hartnell           Drew Stafford            Kevin Fiala              60     1   2  2  
 2 Miles Wood               Tommy Wingels            Derick Brassard          40     1   2  2  

PowerPlay Defense
   Defense                  Defense                                           Time % Phy DF OF 
 1 Ivan Provorov            Dennis Seidenberg                                 60     1   2  2  
 2 Paul LaDue               Oleg Yevenko                                      40     1   2  2  

Penalty Kill 4 Players Forward 
   Center                   Wing                     Time % Phy DF OF 
 1 Scott Hartnell           Derick Brassard          60     1   2  2  
 2 Kevin Fiala              Drew Stafford            40     1   2  2  

Penalty Kill 4 Players Defense
   Defense                  Defense                  Time % Phy DF OF 
 1 Dennis Seidenberg        Ivan Provorov            60     1   2  2  
 2 Conor Allen              Paul LaDue               40     1   2  2  

Penalty Kill - 3 Players Forward 
   Forward                                           Time % Phy DF OF 
 1 Derick Brassard                                   60     1   2  2  
 2 Ivan Barbashev                                    40     1   2  2  

Penalty Kill - 3 Players Defense
   Defense                  Defense                  Time % Phy DF OF 
 1 Dennis Seidenberg        Ivan Provorov            60     1   2  2  
 2 Oleg Yevenko             Conor Allen              40     1   2  2  

4 vs 4 Forward 
   Center                   Wing                     Time % Phy DF OF 
 1 Derick Brassard          Drew Stafford            60     1   2  2  
 2 Scott Hartnell           Kevin Fiala              40     1   2  2  

4 vs 4 Defense
   Defense                  Defense                  Time % Phy DF OF 
 1 Ivan Provorov            Dennis Seidenberg        60     1   2  2  
 2 Conor Allen              Oleg Yevenko             40     1   2  2  

Last Minutes Offensive
   Center                   Left Wing                Right Wing               Defense                  Defense                  
   Scott Hartnell           Kevin Fiala              Drew Stafford            Ivan Provorov            Dennis Seidenberg        

Last Minutes Defensive
   Center                   Left Wing                Right Wing               Defense                  Defense                  
   Scott Hartnell           Kevin Fiala              Drew Stafford            Ivan Provorov            Dennis Seidenberg        

Goaltenders
Starting : Henrik Lundqvist         
Backup : Anton Khudobin           

Extra Forwards
Normal : Derick Brassard, Gemel Smith, Evan Rodrigues - PP : Derick Brassard, Markus Hannikainen - PK : Derick Brassard
Extra Defensemen
Normal : Dennis Seidenberg, Ivan Provorov, Paul LaDue - PP : Dennis Seidenberg - PK : Dennis Seidenberg, Ivan Provorov
Penalty Shots
Gemel Smith, Evan Rodrigues, Markus Hannikainen, Paul Gaustad, Derick Brassard

Scratches
BOS Cap Hit (Suspend), Jhonas Enroth (Healthy)

PHILADELPHIA

5 vs 5 Forward 
   Center                   Left Wing                Right Wing               Time % Phy DF OF 
 1 Jamie Benn               Shane Doan               Mike Ribeiro             35     1   2  2  
 2 Matt Duchene             Brett Connolly           Magnus Paajarvi          30     1   2  2  
 3 Jimmy Hayes              Josh Leivo               Nick Cousins             25     1   2  2  
 4 Adam Erne                Charles Hudon            Jack Skille              10     1   2  2  

5 vs 5 Defense 
   Defense                  Defense                                           Time % Phy DF OF 
 1 Alex Pietrangelo         Tyson Barrie                                      35     1   2  2  
 2 Jake Gardiner            Justin Braun                                      30     1   2  2  
 3 Andrej Sustr             Adam McQuaid                                      25     1   2  2  
 4 Colby Robak              Alex Pietrangelo                                  10     1   2  2  

PowerPlay Forward 
   Center                   Left Wing                Right Wing               Time % Phy DF OF 
 1 Jamie Benn               Shane Doan               Mike Ribeiro             60     1   2  2  
 2 Jack Skille              Matt Duchene             Brett Connolly           40     1   2  2  

PowerPlay Defense
   Defense                  Defense                                           Time % Phy DF OF 
 1 Alex Pietrangelo         Tyson Barrie                                      60     1   2  2  
 2 Justin Braun             Jake Gardiner                                     40     1   2  2  

Penalty Kill 4 Players Forward 
   Center                   Wing                     Time % Phy DF OF 
 1 Jack Skille              Jamie Benn               60     1   2  2  
 2 Shane Doan               Mike Ribeiro             40     1   2  2  

Penalty Kill 4 Players Defense
   Defense                  Defense                  Time % Phy DF OF 
 1 Alex Pietrangelo         Tyson Barrie             60     1   2  2  
 2 Andrej Sustr             Justin Braun             40     1   2  2  

Penalty Kill - 3 Players Forward 
   Forward                                           Time % Phy DF OF 
 1 Jamie Benn                                        60     1   2  2  
 2 Jack Skille                                       40     1   2  2  

Penalty Kill - 3 Players Defense
   Defense                  Defense                  Time % Phy DF OF 
 1 Alex Pietrangelo         Jake Gardiner            60     1   2  2  
 2 Colby Robak              Tyson Barrie             40     1   2  2  

4 vs 4 Forward 
   Center                   Wing                     Time % Phy DF OF 
 1 Jamie Benn               Jack Skille              60     1   2  2  
 2 Mike Ribeiro             Shane Doan               40     1   2  2  

4 vs 4 Defense
   Defense                  Defense                  Time % Phy DF OF 
 1 Alex Pietrangelo         Tyson Barrie             60     1   2  2  
 2 Adam McQuaid             Andrej Sustr             40     1   2  2  

Last Minutes Offensive
   Center                   Left Wing                Right Wing               Defense                  Defense                  
   Jamie Benn               Shane Doan               Mike Ribeiro             Alex Pietrangelo         Tyson Barrie             

Last Minutes Defensive
   Center                   Left Wing                Right Wing               Defense                  Defense                  
   Jamie Benn               Shane Doan               Mike Ribeiro             Alex Pietrangelo         Tyson Barrie             

Goaltenders
Starting : Cory Schneider           
Backup : Kari Lehtonen            

Extra Forwards
Normal : Jamie Benn, Magnus Paajarvi, Jack Skille - PP : Jamie Benn, Jimmy Hayes - PK : Jack Skille
Extra Defensemen
Normal : Alex Pietrangelo, Adam McQuaid, Colby Robak - PP : Alex Pietrangelo - PK : Tyson Barrie, Alex Pietrangelo
Penalty Shots
Magnus Paajarvi, Jamie Benn, Jimmy Hayes, Nick Cousins, Josh Leivo

Scratches
None


% Time on Ice - BOSTON

Lines # - Real PCT - Wanted PCT - Time Play
Normal Forward
1 - 29% - 30% - 14:19
2 - 26% - 30% - 12:46
3 - 24% - 25% - 11:42
4 - 21% - 15% - 10:03
Normal Defense
1 - 33% - 35% - 16:16
2 - 30% - 30% - 14:50
3 - 31% - 25% - 14:59
4 - 6% - 10% - 2:45
PP Forward
1 - 50% - 60% - 1:36
2 - 50% - 40% - 1:35
PP Defense
1 - 63% - 60% - 2:01
2 - 37% - 40% - 1:10
PK Forward
1 - 82% - 60% - 5:39
2 - 18% - 40% - 1:15
PK Defense
1 - 58% - 60% - 3:59
2 - 42% - 40% - 2:55
PK3 Forward
1 - 80% - 60% - 0:52
2 - 20% - 40% - 0:13
PK3 Defense
1 - 26% - 60% - 0:17
2 - 74% - 40% - 0:48
44 Forward
1 - 62% - 60% - 3:05
2 - 38% - 40% - 1:55
44 Defense
1 - 57% - 60% - 2:51
2 - 43% - 40% - 2:09
Last Minute Offensive  - 0:00
Last Minute Defensive  - 0:00
Total
Forward - 65:00
Defense - 65:00

% Time on Ice - PHILADELPHIA

Lines # - Real PCT - Wanted PCT - Time Play
Normal Forward
1 - 35% - 35% - 17:01
2 - 30% - 30% - 14:32
3 - 24% - 25% - 11:55
4 - 11% - 10% - 5:22
Normal Defense
1 - 34% - 35% - 16:30
2 - 31% - 30% - 15:18
3 - 27% - 25% - 13:24
4 - 7% - 10% - 3:38
PP Forward
1 - 60% - 60% - 4:48
2 - 40% - 40% - 3:11
PP Defense
1 - 62% - 60% - 4:59
2 - 38% - 40% - 3:00
PK Forward
1 - 84% - 60% - 2:40
2 - 16% - 40% - 0:31
PK Defense
1 - 30% - 60% - 0:57
2 - 70% - 40% - 2:14
PK3 Forward
1 - 0% - 60%
2 - 0% - 40%
PK3 Defense
1 - 0% - 60%
2 - 0% - 40%
44 Forward
1 - 66% - 60% - 3:19
2 - 34% - 40% - 1:41
44 Defense
1 - 59% - 60% - 2:58
2 - 41% - 40% - 2:02
Last Minute Offensive  - 0:00
Last Minute Defensive  - 0:00
Total
Forward - 65:00
Defense - 65:00

Play by Play

1st period


0:01 of 1st period - Shane Doan wins face-off versus Scott Hartnell in neutral zone.
0:14 of 1st period - Kevin Fiala is hit by Jamie Benn and loses puck.
0:31 of 1st period - Shot by Jamie Benn.
0:31 of 1st period - Shot Hit the Post.
0:33 of 1st period - Shot by Mike Ribeiro.
0:33 of 1st period - Goal by Mike Ribeiro - BOSTON : 0 - PHILADELPHIA : 1.
0:34 of 1st period - Matt Duchene wins face-off versus Miles Wood in neutral zone.
1:31 of 1st period - Shot by Josh Leivo.
1:31 of 1st period - Shot Misses the Net.
1:33 of 1st period - Shot by Nick Cousins.
1:33 of 1st period - Stopped by Henrik Lundqvist without a rebound.
1:34 of 1st period - Ivan Barbashev wins face-off versus Adam Erne in BOSTON zone.
1:41 of 1st period - Shot by Evan Rodrigues.
1:41 of 1st period - Shot Blocked by Charles Hudon.
2:01 of 1st period - Shot by Ivan Barbashev.
2:01 of 1st period - Shot Blocked by Alex Pietrangelo.
2:20 of 1st period - Off-side.
2:21 of 1st period - Josh Leivo wins face-off versus Markus Hannikainen in neutral zone.
2:55 of 1st period - Shot by Josh Leivo.
2:55 of 1st period - Stopped by Henrik Lundqvist without a rebound.
2:56 of 1st period - Jamie Benn wins face-off versus Drew Stafford in BOSTON zone.
3:51 of 1st period - Shot by Matt Duchene.
3:51 of 1st period - Stopped by Henrik Lundqvist without a rebound.
3:52 of 1st period - Matt Duchene wins face-off versus Ivan Barbashev in BOSTON zone.
4:04 of 1st period - Ivan Barbashev is hit by Justin Braun and loses puck.
4:16 of 1st period - Minor Penalty to Justin Braun for Tripping.
4:17 of 1st period - Jack Skille wins face-off versus Miles Wood in PHILADELPHIA zone.
4:30 of 1st period - Shot by Tommy Wingels.
4:30 of 1st period - Stopped by Cory Schneider without a rebound.
4:31 of 1st period - Jamie Benn wins face-off versus Miles Wood in PHILADELPHIA zone.
4:40 of 1st period - Shot by Miles Wood.
4:40 of 1st period - Stopped by Cory Schneider with a rebound.
4:42 of 1st period - Shot by Derick Brassard.
4:42 of 1st period - Shot Blocked by Andrej Sustr.
4:44 of 1st period - Shot by Derick Brassard.
4:44 of 1st period - Stopped by Cory Schneider without a rebound.
4:45 of 1st period - Kevin Fiala wins face-off versus Jack Skille in PHILADELPHIA zone.
4:46 of 1st period - Shot by Ivan Provorov.
4:46 of 1st period - Stopped by Cory Schneider with a rebound.
4:48 of 1st period - Shot by Ivan Provorov.
4:48 of 1st period - Shot Misses the Net.
4:52 of 1st period - Shot by Scott Hartnell.
4:52 of 1st period - Shot Misses the Net.
4:54 of 1st period - Shot by Dennis Seidenberg.
4:54 of 1st period - Shot Blocked by Tyson Barrie.
5:16 of 1st period - Shot by Ivan Provorov.
5:16 of 1st period - Stopped by Cory Schneider without a rebound.
5:17 of 1st period - Miles Wood wins face-off versus Jack Skille in PHILADELPHIA zone.
5:28 of 1st period - Shot by Derick Brassard.
5:28 of 1st period - Goal by Derick Brassard - BOSTON : 1 - PHILADELPHIA : 1.
5:29 of 1st period - Jimmy Hayes wins face-off versus Markus Hannikainen in neutral zone.
5:42 of 1st period - Minor Penalty to Paul Gaustad for High sticking.
5:43 of 1st period - Scott Hartnell wins face-off versus Jamie Benn in BOSTON zone.
6:21 of 1st period - Shot by Jamie Benn.
6:21 of 1st period - Stopped by Henrik Lundqvist without a rebound.
6:22 of 1st period - Jack Skille wins face-off versus Kevin Fiala in BOSTON zone.
6:36 of 1st period - Minor Penalty to Conor Allen for High sticking.
6:37 of 1st period - Jack Skille wins face-off versus Derick Brassard in BOSTON zone.
6:46 of 1st period - Shot by Jake Gardiner.
6:46 of 1st period - Shot Blocked by Oleg Yevenko.
6:48 of 1st period - Shot by Matt Duchene.
6:48 of 1st period - Stopped by Henrik Lundqvist without a rebound.
6:49 of 1st period - Derick Brassard wins face-off versus Jamie Benn in BOSTON zone.
7:02 of 1st period - Shot by Jamie Benn.
7:02 of 1st period - Stopped by Henrik Lundqvist without a rebound.
7:03 of 1st period - Derick Brassard wins face-off versus Jack Skille in BOSTON zone.
7:26 of 1st period - Shot by Jake Gardiner.
7:26 of 1st period - Shot Misses the Net.
7:28 of 1st period - Shot by Brett Connolly.
7:28 of 1st period - Stopped by Henrik Lundqvist without a rebound.
7:29 of 1st period - Ivan Barbashev wins face-off versus Jamie Benn in BOSTON zone.
7:40 of 1st period - Shot by Tyson Barrie.
7:40 of 1st period - Stopped by Henrik Lundqvist with a rebound.
7:42 of 1st period - Shot by Tyson Barrie.
7:42 of 1st period - Goal by Tyson Barrie - BOSTON : 1 - PHILADELPHIA : 2.
7:43 of 1st period - Jimmy Hayes wins face-off versus Scott Hartnell in neutral zone.
7:46 of 1st period - Scott Hartnell is hit by Jimmy Hayes and loses puck.
8:11 of 1st period - Shot by Scott Hartnell.
8:11 of 1st period - Shot Misses the Net.
8:13 of 1st period - Shot by Kevin Fiala.
8:13 of 1st period - Deflect By Drew Stafford.
8:13 of 1st period - Shot Misses the Net.
8:15 of 1st period - Shot by Scott Hartnell.
8:15 of 1st period - Stopped by Cory Schneider without a rebound.
8:16 of 1st period - Jamie Benn wins face-off versus Miles Wood in PHILADELPHIA zone.
8:53 of 1st period - Shot by Jamie Benn.
8:53 of 1st period - Shot Misses the Net.
8:55 of 1st period - Shot by Shane Doan.
8:55 of 1st period - Shot Misses the Net.
9:08 of 1st period - Icing by Tommy Wingels.
9:09 of 1st period - Brett Connolly wins face-off versus Miles Wood in BOSTON zone.
9:17 of 1st period - Shot by Magnus Paajarvi.
9:17 of 1st period - Shot Misses the Net.
9:19 of 1st period - Shot by Magnus Paajarvi.
9:19 of 1st period - Shot Blocked by Miles Wood.
9:49 of 1st period - Icing by Ivan Provorov.
9:50 of 1st period - Jimmy Hayes wins face-off versus Miles Wood in BOSTON zone.
10:21 of 1st period - Icing by Miles Wood.
10:22 of 1st period - Jamie Benn wins face-off versus Miles Wood in BOSTON zone.
10:31 of 1st period - Shot by Tyson Barrie.
10:31 of 1st period - Stopped by Henrik Lundqvist without a rebound.
10:32 of 1st period - Ivan Barbashev wins face-off versus Jamie Benn in BOSTON zone.
10:43 of 1st period - Shot by Evan Rodrigues.
10:43 of 1st period - Shot Misses the Net.
11:17 of 1st period - Shot by Jamie Benn.
11:17 of 1st period - Deflect By Mike Ribeiro.
11:17 of 1st period - Shot Misses the Net.
11:20 of 1st period - Icing by Paul LaDue.
11:21 of 1st period - Matt Duchene wins face-off versus Scott Hartnell in BOSTON zone.
11:27 of 1st period - Icing by Paul LaDue.
11:28 of 1st period - Scott Hartnell wins face-off versus Matt Duchene in BOSTON zone.
11:28 of 1st period - Scott Hartnell is hit by Brett Connolly.
11:34 of 1st period - Mike Weber is hit by Brett Connolly and loses puck.
11:40 of 1st period - Icing by Mike Weber.
11:41 of 1st period - Scott Hartnell wins face-off versus Nick Cousins in BOSTON zone.
11:43 of 1st period - Kevin Fiala is hit by Jimmy Hayes and loses puck.
11:59 of 1st period - Icing by Drew Stafford.
12:00 of 1st period - Scott Hartnell wins face-off versus Matt Duchene in BOSTON zone.
13:12 of 1st period - Shot by Jamie Benn.
13:12 of 1st period - Deflect By Shane Doan.
13:12 of 1st period - Shot Blocked by Ivan Barbashev.
13:14 of 1st period - Shot by Jamie Benn.
13:14 of 1st period - Stopped by Henrik Lundqvist without a rebound.
13:15 of 1st period - Markus Hannikainen wins face-off versus Jimmy Hayes in BOSTON zone.
14:25 of 1st period - Shot by Miles Wood.
14:25 of 1st period - Stopped by Cory Schneider without a rebound.
14:26 of 1st period - Matt Duchene wins face-off versus Scott Hartnell in PHILADELPHIA zone.
14:45 of 1st period - Shot by Kevin Fiala.
14:45 of 1st period - Shot Misses the Net.
14:55 of 1st period - Shot by Matt Duchene.
14:55 of 1st period - Deflect By Magnus Paajarvi.
14:55 of 1st period - Shot Misses the Net.
14:57 of 1st period - Shot by Justin Braun.
14:57 of 1st period - Shot Misses the Net.
15:01 of 1st period - Shot by Brett Connolly.
15:01 of 1st period - Shot Misses the Net.
15:02 of 1st period - Minor Penalty to Oleg Yevenko for Interference.
15:03 of 1st period - Jamie Benn wins face-off versus Scott Hartnell in BOSTON zone.
15:18 of 1st period - Shot by Shane Doan.
15:18 of 1st period - Stopped by Henrik Lundqvist with a rebound.
15:20 of 1st period - Shot by Alex Pietrangelo.
15:20 of 1st period - Goal by Alex Pietrangelo - BOSTON : 1 - PHILADELPHIA : 3.
15:21 of 1st period - Adam Erne wins face-off versus Ivan Barbashev in neutral zone.
15:30 of 1st period - Icing by Ivan Barbashev.
15:31 of 1st period - Jamie Benn wins face-off versus Ivan Barbashev in BOSTON zone.
15:50 of 1st period - Shot by Jamie Benn.
15:50 of 1st period - Stopped by Henrik Lundqvist without a rebound.
15:51 of 1st period - Brett Connolly wins face-off versus Miles Wood in BOSTON zone.
15:51 of 1st period - Brett Connolly is hit by Dennis Seidenberg.
15:53 of 1st period - Shot by Matt Duchene.
15:53 of 1st period - Deflect By Brett Connolly.
15:53 of 1st period - Shot Misses the Net.
16:07 of 1st period - Shot by Derick Brassard.
16:07 of 1st period - Stopped by Cory Schneider without a rebound.
16:08 of 1st period - Markus Hannikainen wins face-off versus Jamie Benn in PHILADELPHIA zone.
17:00 of 1st period - Icing by Conor Allen.
17:01 of 1st period - Markus Hannikainen wins face-off versus Matt Duchene in BOSTON zone.
17:01 of 1st period - Markus Hannikainen is hit by Brett Connolly.
17:23 of 1st period - Brett Connolly is hit by Conor Allen and loses puck.
17:26 of 1st period - Shot by Magnus Paajarvi.
17:26 of 1st period - Stopped by Henrik Lundqvist with a rebound.
17:28 of 1st period - Shot by Adam McQuaid.
17:28 of 1st period - Shot Misses the Net.
17:34 of 1st period - Shot by Magnus Paajarvi.
17:34 of 1st period - Stopped by Henrik Lundqvist with a rebound.
18:01 of 1st period - Nick Cousins is hit by Conor Allen and loses puck.
19:25 of 1st period - Icing by Mike Ribeiro.
19:26 of 1st period - Jamie Benn wins face-off versus Miles Wood in PHILADELPHIA zone.
19:40 of 1st period - Icing by Paul LaDue.
19:41 of 1st period - Matt Duchene wins face-off versus Miles Wood in BOSTON zone.
19:54 of 1st period - Shot by Magnus Paajarvi.
19:54 of 1st period - Stopped by Henrik Lundqvist without a rebound.
19:55 of 1st period - Ivan Barbashev wins face-off versus Adam Erne in BOSTON zone.
19:59 of 1st period - Ivan Provorov is hit by Colby Robak and loses puck.
Goals for this period are 1 for BOSTON vs 3 for PHILADELPHIA.
Shots for this period are 9 for BOSTON vs 18 for PHILADELPHIA.

2nd period


0:01 of 2nd period - Jamie Benn wins face-off versus Ivan Barbashev in neutral zone.
0:03 of 2nd period - Alex Pietrangelo is hit by Ivan Barbashev.
0:21 of 2nd period - Shot by Dennis Seidenberg.
0:21 of 2nd period - Stopped by Cory Schneider without a rebound.
0:22 of 2nd period - Miles Wood wins face-off versus Adam Erne in PHILADELPHIA zone.
0:22 of 2nd period - Miles Wood is hit by Adam McQuaid.
0:27 of 2nd period - Miles Wood is hit by Adam McQuaid and loses puck.
0:38 of 2nd period - Shot by Miles Wood.
0:38 of 2nd period - Shot Misses the Net.
0:40 of 2nd period - Shot by Miles Wood.
0:40 of 2nd period - Goal by Miles Wood - BOSTON : 2 - PHILADELPHIA : 3.
0:41 of 2nd period - Scott Hartnell wins face-off versus Matt Duchene in neutral zone.
1:17 of 2nd period - Drew Stafford is hit by Alex Pietrangelo.
1:58 of 2nd period - Shot by Gemel Smith.
1:58 of 2nd period - Shot Blocked by Justin Braun.
2:04 of 2nd period - Mike Weber is hit by Jamie Benn and loses puck.
2:53 of 2nd period - Shot by Miles Wood.
2:53 of 2nd period - Stopped by Cory Schneider without a rebound.
2:54 of 2nd period - Adam Erne wins face-off versus Markus Hannikainen in PHILADELPHIA zone.
3:02 of 2nd period - Icing by Markus Hannikainen.
3:03 of 2nd period - Adam Erne wins face-off versus Markus Hannikainen in BOSTON zone.
3:20 of 2nd period - Shot by Ivan Provorov.
3:20 of 2nd period - Stopped by Cory Schneider without a rebound.
3:21 of 2nd period - Scott Hartnell wins face-off versus Magnus Paajarvi in PHILADELPHIA zone.
3:23 of 2nd period - Kevin Fiala is hit by Tyson Barrie and loses puck.
4:24 of 2nd period - Shot by Miles Wood.
4:24 of 2nd period - Deflect By Derick Brassard.
4:24 of 2nd period - Stopped by Cory Schneider without a rebound.
4:25 of 2nd period - Ivan Barbashev wins face-off versus Jimmy Hayes in PHILADELPHIA zone.
4:26 of 2nd period - Shot by Ivan Provorov.
4:26 of 2nd period - Stopped by Cory Schneider without a rebound.
4:27 of 2nd period - Jimmy Hayes wins face-off versus Miles Wood in PHILADELPHIA zone.
4:27 of 2nd period - Adam McQuaid is hit by Derick Brassard.
5:00 of 2nd period - Nick Cousins is hit by Dennis Seidenberg and loses puck.
5:14 of 2nd period - Icing by Dennis Seidenberg.
5:15 of 2nd period - Jamie Benn wins face-off versus Miles Wood in BOSTON zone.
5:34 of 2nd period - Shot by Jamie Benn.
5:34 of 2nd period - Shot Misses the Net.
5:36 of 2nd period - Shot by Colby Robak.
5:36 of 2nd period - Stopped by Henrik Lundqvist without a rebound.
5:37 of 2nd period - Ivan Barbashev wins face-off versus Matt Duchene in BOSTON zone.
5:45 of 2nd period - Icing by Paul LaDue.
5:46 of 2nd period - Ivan Barbashev wins face-off versus Jamie Benn in BOSTON zone.
6:21 of 2nd period - Shot by Evan Rodrigues.
6:21 of 2nd period - Shot Blocked by Tyson Barrie.
6:28 of 2nd period - Icing by Tyson Barrie.
6:29 of 2nd period - Jamie Benn wins face-off versus Scott Hartnell in PHILADELPHIA zone.
6:53 of 2nd period - Off-side.
6:54 of 2nd period - Matt Duchene wins face-off versus Markus Hannikainen in neutral zone.
7:39 of 2nd period - Dainius Zubrus is hit by Brett Connolly and loses puck.
8:47 of 2nd period - Shot by Paul LaDue.
8:47 of 2nd period - Shot Blocked by Alex Pietrangelo.
8:52 of 2nd period - Tyson Barrie is hit by Miles Wood.
8:55 of 2nd period - Alex Pietrangelo is hit by Paul LaDue and loses puck.
9:06 of 2nd period - Shot by Jack Skille.
9:06 of 2nd period - Stopped by Henrik Lundqvist without a rebound.
9:07 of 2nd period - Jamie Benn wins face-off versus Ivan Barbashev in BOSTON zone.
9:07 of 2nd period - Jake Gardiner is hit by Oleg Yevenko and loses puck.
9:38 of 2nd period - Shot by Gemel Smith.
9:38 of 2nd period - Stopped by Cory Schneider without a rebound.
9:39 of 2nd period - Brett Connolly wins face-off versus Scott Hartnell in PHILADELPHIA zone.
9:46 of 2nd period - Shot by Matt Duchene.
9:46 of 2nd period - Stopped by Henrik Lundqvist with a rebound.
9:56 of 2nd period - Shot by Matt Duchene.
9:56 of 2nd period - Shot Blocked by Dennis Seidenberg.
10:37 of 2nd period - Shot by Josh Leivo.
10:37 of 2nd period - Stopped by Henrik Lundqvist without a rebound.
10:38 of 2nd period - Mike Ribeiro wins face-off versus Ivan Barbashev in BOSTON zone.
11:48 of 2nd period - Minor Penalty to Oleg Yevenko for Hooking.
11:49 of 2nd period - Jack Skille wins face-off versus Scott Hartnell in BOSTON zone.
11:49 of 2nd period - Jack Skille is hit by Dennis Seidenberg.
12:09 of 2nd period - Shot by Tyson Barrie.
12:09 of 2nd period - Stopped by Henrik Lundqvist without a rebound.
12:10 of 2nd period - Jamie Benn wins face-off versus Scott Hartnell in BOSTON zone.
12:23 of 2nd period - Shot by Jake Gardiner.
12:23 of 2nd period - Stopped by Henrik Lundqvist without a rebound.
12:24 of 2nd period - Jack Skille wins face-off versus Brad Richards in BOSTON zone.
12:59 of 2nd period - Shot by Tyson Barrie.
12:59 of 2nd period - Shot Blocked by Conor Allen.
13:01 of 2nd period - Shot by Tyson Barrie.
13:01 of 2nd period - Shot Misses the Net.
13:03 of 2nd period - Shot by Matt Duchene.
13:03 of 2nd period - Stopped by Henrik Lundqvist with a rebound.
13:43 of 2nd period - Shot by Derick Brassard.
13:43 of 2nd period - Shot Blocked by Jamie Benn.
14:23 of 2nd period - Shot by Nick Cousins.
14:23 of 2nd period - Shot Misses the Net.
14:47 of 2nd period - Shot by Brett Connolly.
14:47 of 2nd period - Shot Misses the Net.
14:56 of 2nd period - Shot by Matt Duchene.
14:56 of 2nd period - Stopped by Henrik Lundqvist without a rebound.
14:57 of 2nd period - Jamie Benn wins face-off versus Markus Hannikainen in BOSTON zone.
15:26 of 2nd period - Shot by Dennis Seidenberg.
15:26 of 2nd period - Shot Blocked by Jake Gardiner.
15:28 of 2nd period - Shot by Ivan Provorov.
15:28 of 2nd period - Goal by Ivan Provorov - BOSTON : 3 - PHILADELPHIA : 3.
15:29 of 2nd period - Miles Wood wins face-off versus Adam Erne in neutral zone.
15:33 of 2nd period - Derick Brassard is hit by Alex Pietrangelo and loses puck.
15:36 of 2nd period - Shot by Tommy Wingels.
15:36 of 2nd period - Shot Misses the Net.
15:43 of 2nd period - Tommy Wingels is hit by Alex Pietrangelo and loses puck.
15:49 of 2nd period - Minor Penalty to Alex Pietrangelo for Hooking.
15:50 of 2nd period - Jack Skille wins face-off versus Scott Hartnell in PHILADELPHIA zone.
17:40 of 2nd period - Shot by Ivan Provorov.
17:40 of 2nd period - Shot Misses the Net.
17:42 of 2nd period - Shot by Gemel Smith.
17:42 of 2nd period - Shot Misses the Net.
17:44 of 2nd period - Shot by Gemel Smith.
17:44 of 2nd period - Stopped by Cory Schneider without a rebound.
17:45 of 2nd period - Shane Doan wins face-off versus Scott Hartnell in PHILADELPHIA zone.
18:04 of 2nd period - Shot by Gemel Smith.
18:04 of 2nd period - Stopped by Cory Schneider with a rebound.
18:15 of 2nd period - Gemel Smith is hit by Alex Pietrangelo and loses puck.
18:24 of 2nd period - Shot by Brett Connolly.
18:24 of 2nd period - Shot Misses the Net.
19:02 of 2nd period - Icing by Markus Hannikainen.
19:03 of 2nd period - Paul Gaustad wins face-off versus Jimmy Hayes in BOSTON zone.
19:03 of 2nd period - Paul Gaustad is hit by Jimmy Hayes.
19:06 of 2nd period - Markus Hannikainen is hit by Jimmy Hayes and loses puck.
19:34 of 2nd period - Markus Hannikainen is hit by Justin Braun and loses puck.
19:56 of 2nd period - Off-side.
19:57 of 2nd period - Jamie Benn wins face-off versus Miles Wood in neutral zone.
Goals for this period are 2 for BOSTON vs 0 for PHILADELPHIA.
Shots for this period are 10 for BOSTON vs 8 for PHILADELPHIA.

3rd period


0:01 of 3rd period - Miles Wood wins face-off versus Jamie Benn in neutral zone.
0:27 of 3rd period - Icing by Tyson Barrie.
0:28 of 3rd period - Jamie Benn wins face-off versus Scott Hartnell in PHILADELPHIA zone.
0:53 of 3rd period - Kevin Fiala is hit by Jamie Benn and loses puck.
1:26 of 3rd period - Shot by Brett Connolly.
1:26 of 3rd period - Stopped by Henrik Lundqvist without a rebound.
1:27 of 3rd period - Miles Wood wins face-off versus Jimmy Hayes in BOSTON zone.
1:29 of 3rd period - Icing by Derick Brassard.
1:30 of 3rd period - Nick Cousins wins face-off versus Miles Wood in BOSTON zone.
2:00 of 3rd period - Justin Braun is hit by Tommy Wingels and loses puck.
2:42 of 3rd period - Shot by Matt Duchene.
2:42 of 3rd period - Stopped by Henrik Lundqvist without a rebound.
2:43 of 3rd period - Jamie Benn wins face-off versus Markus Hannikainen in BOSTON zone.
3:23 of 3rd period - Jamie Benn is hit by Drew Stafford and loses puck.
3:33 of 3rd period - Icing by Ivan Provorov.
3:34 of 3rd period - Matt Duchene wins face-off versus Scott Hartnell in BOSTON zone.
3:47 of 3rd period - Shot by Matt Duchene.
3:47 of 3rd period - Shot Misses the Net.
4:18 of 3rd period - Matt Duchene is hit by Ivan Provorov and loses puck.
4:49 of 3rd period - Derick Brassard is hit by Jack Skille and loses puck.
5:08 of 3rd period - Shot by Tommy Wingels.
5:08 of 3rd period - Shot Misses the Net.
5:10 of 3rd period - Shot by Conor Allen.
5:10 of 3rd period - Shot Hit the Post.
5:44 of 3rd period - Icing by Adam McQuaid.
5:45 of 3rd period - Shane Doan wins face-off versus Markus Hannikainen in PHILADELPHIA zone.
5:47 of 3rd period - Icing by Jamie Benn.
5:48 of 3rd period - Jamie Benn wins face-off versus Markus Hannikainen in PHILADELPHIA zone.
5:54 of 3rd period - Jamie Benn is hit by Paul LaDue and loses puck.
6:12 of 3rd period - Shot by Jamie Benn.
6:12 of 3rd period - Stopped by Henrik Lundqvist without a rebound.
6:13 of 3rd period - Jimmy Hayes wins face-off versus Miles Wood in BOSTON zone.
6:50 of 3rd period - Shot by Derick Brassard.
6:50 of 3rd period - Stopped by Cory Schneider without a rebound.
6:51 of 3rd period - Shane Doan wins face-off versus Scott Hartnell in PHILADELPHIA zone.
6:53 of 3rd period - Icing by Jamie Benn.
6:54 of 3rd period - Scott Hartnell wins face-off versus Jamie Benn in PHILADELPHIA zone.
6:54 of 3rd period - Scott Hartnell is hit by Adam McQuaid.
7:52 of 3rd period - Alex Pietrangelo is hit by Scott Hartnell and loses puck.
8:14 of 3rd period - Icing by Drew Stafford.
8:15 of 3rd period - Scott Hartnell wins face-off versus Jimmy Hayes in BOSTON zone.
8:30 of 3rd period - Shot by Jimmy Hayes.
8:30 of 3rd period - Stopped by Henrik Lundqvist without a rebound.
8:30 of 3rd period - Minor Penalty to Henrik Lundqvist for Delaying the game.
8:31 of 3rd period - Jamie Benn wins face-off versus Brad Richards in BOSTON zone.
8:36 of 3rd period - Shot by Jamie Benn.
8:36 of 3rd period - Stopped by Henrik Lundqvist without a rebound.
8:37 of 3rd period - Jamie Benn wins face-off versus Brad Richards in BOSTON zone.
9:04 of 3rd period - Shot by Alex Pietrangelo.
9:04 of 3rd period - Shot Misses the Net.
9:08 of 3rd period - Shot by Tyson Barrie.
9:08 of 3rd period - Stopped by Henrik Lundqvist without a rebound.
9:09 of 3rd period - Jack Skille wins face-off versus Brad Richards in BOSTON zone.
9:19 of 3rd period - Shot by Jake Gardiner.
9:19 of 3rd period - Shot Blocked by Dennis Seidenberg.
9:25 of 3rd period - Shot by Matt Duchene.
9:25 of 3rd period - Stopped by Henrik Lundqvist with a rebound.
9:27 of 3rd period - Shot by Justin Braun.
9:27 of 3rd period - Shot Misses the Net.
9:31 of 3rd period - Shot by Matt Duchene.
9:31 of 3rd period - Shot Misses the Net.
9:33 of 3rd period - Shot by Justin Braun.
9:33 of 3rd period - Stopped by Henrik Lundqvist without a rebound.
9:34 of 3rd period - Jamie Benn wins face-off versus Gemel Smith in BOSTON zone.
9:37 of 3rd period - Shot by Tyson Barrie.
9:37 of 3rd period - Stopped by Henrik Lundqvist without a rebound.
9:38 of 3rd period - Jamie Benn wins face-off versus Scott Hartnell in BOSTON zone.
9:41 of 3rd period - Shot by Alex Pietrangelo.
9:41 of 3rd period - Stopped by Henrik Lundqvist with a rebound.
9:59 of 3rd period - Shot by Mike Ribeiro.
9:59 of 3rd period - Shot Blocked by Conor Allen.
10:03 of 3rd period - Shot by Jamie Benn.
10:03 of 3rd period - Stopped by Henrik Lundqvist with a rebound.
10:05 of 3rd period - Shot by Alex Pietrangelo.
10:05 of 3rd period - Shot Blocked by Derick Brassard.
10:07 of 3rd period - Shot by Shane Doan.
10:07 of 3rd period - Shot Misses the Net.
10:09 of 3rd period - Shot by Alex Pietrangelo.
10:09 of 3rd period - Stopped by Henrik Lundqvist without a rebound.
10:10 of 3rd period - Jack Skille wins face-off versus Kevin Fiala in BOSTON zone.
10:11 of 3rd period - Shot by Jake Gardiner.
10:11 of 3rd period - Shot Misses the Net.
10:13 of 3rd period - Shot by Justin Braun.
10:13 of 3rd period - Goal by Justin Braun - BOSTON : 3 - PHILADELPHIA : 4.
10:14 of 3rd period - Ivan Barbashev wins face-off versus Matt Duchene in neutral zone.
10:17 of 3rd period - Matt Duchene is hit by Ivan Barbashev and loses puck.
11:24 of 3rd period - Shot by Tyson Barrie.
11:24 of 3rd period - Shot Blocked by Mike Weber.
11:50 of 3rd period - Shot by Mike Ribeiro.
11:50 of 3rd period - Shot Misses the Net.
12:02 of 3rd period - Shot by Derick Brassard.
12:02 of 3rd period - Stopped by Cory Schneider without a rebound.
12:03 of 3rd period - Scott Hartnell wins face-off versus Jimmy Hayes in PHILADELPHIA zone.
12:18 of 3rd period - Shot by Nick Cousins.
12:18 of 3rd period - Shot Blocked by Ivan Provorov.
12:20 of 3rd period - Shot by Josh Leivo.
12:20 of 3rd period - Deflect By Nick Cousins.
12:20 of 3rd period - Stopped by Henrik Lundqvist with a rebound.
12:22 of 3rd period - Shot by Adam McQuaid.
12:22 of 3rd period - Shot Misses the Net.
13:08 of 3rd period - Minor Penalty to Miles Wood for Slashing.
13:09 of 3rd period - Jamie Benn wins face-off versus Brad Richards in BOSTON zone.
13:46 of 3rd period - Shot by Alex Pietrangelo.
13:46 of 3rd period - Stopped by Henrik Lundqvist without a rebound.
13:47 of 3rd period - Matt Duchene wins face-off versus Scott Hartnell in BOSTON zone.
13:56 of 3rd period - Shot by Justin Braun.
13:56 of 3rd period - Stopped by Henrik Lundqvist with a rebound.
14:00 of 3rd period - Shot by Matt Duchene.
14:00 of 3rd period - Stopped by Henrik Lundqvist with a rebound.
14:02 of 3rd period - Shot by Jake Gardiner.
14:02 of 3rd period - Shot Misses the Net.
14:46 of 3rd period - Shot by Alex Pietrangelo.
14:46 of 3rd period - Shot Misses the Net.
15:05 of 3rd period - Shot by Alex Pietrangelo.
15:05 of 3rd period - Stopped by Henrik Lundqvist with a rebound.
15:23 of 3rd period - Markus Hannikainen is hit by Adam McQuaid and loses puck.
15:35 of 3rd period - Adam McQuaid is hit by Oleg Yevenko.
15:52 of 3rd period - Icing by Oleg Yevenko.
15:53 of 3rd period - Matt Duchene wins face-off versus Markus Hannikainen in BOSTON zone.
16:02 of 3rd period - Mike Weber is hit by Brett Connolly and loses puck.
16:21 of 3rd period - Shot by Matt Duchene.
16:21 of 3rd period - Stopped by Henrik Lundqvist with a rebound.
16:23 of 3rd period - Shot by Magnus Paajarvi.
16:23 of 3rd period - Stopped by Henrik Lundqvist without a rebound.
16:24 of 3rd period - Jamie Benn wins face-off versus Miles Wood in BOSTON zone.
16:35 of 3rd period - Shot by Derick Brassard.
16:35 of 3rd period - Stopped by Cory Schneider without a rebound.
16:36 of 3rd period - Scott Hartnell wins face-off versus Adam Erne in PHILADELPHIA zone.
16:44 of 3rd period - Kevin Fiala is hit by Adam McQuaid and loses puck.
17:16 of 3rd period - Drew Stafford is hit by Adam McQuaid and loses puck.
17:50 of 3rd period - Shot by Derick Brassard.
17:50 of 3rd period - Shot Misses the Net.
17:52 of 3rd period - Shot by Derick Brassard.
17:52 of 3rd period - Shot Misses the Net.
18:01 of 3rd period - Icing by Alex Pietrangelo.
18:02 of 3rd period - Ivan Barbashev wins face-off versus Jamie Benn in PHILADELPHIA zone.
18:11 of 3rd period - Shot by Gemel Smith.
18:11 of 3rd period - Shot Misses the Net.
18:15 of 3rd period - Shot by Evan Rodrigues.
18:15 of 3rd period - Goal by Evan Rodrigues - BOSTON : 4 - PHILADELPHIA : 4.
18:16 of 3rd period - Markus Hannikainen wins face-off versus Matt Duchene in neutral zone.
18:37 of 3rd period - Shot by Paul Gaustad.
18:37 of 3rd period - Stopped by Cory Schneider without a rebound.
18:38 of 3rd period - Ivan Barbashev wins face-off versus Jimmy Hayes in PHILADELPHIA zone.
18:45 of 3rd period - Shot by Evan Rodrigues.
18:45 of 3rd period - Stopped by Cory Schneider without a rebound.
18:46 of 3rd period - Jamie Benn wins face-off versus Miles Wood in PHILADELPHIA zone.
19:17 of 3rd period - Shot by Derick Brassard.
19:17 of 3rd period - Stopped by Cory Schneider without a rebound.
19:18 of 3rd period - Matt Duchene wins face-off versus Ivan Barbashev in PHILADELPHIA zone.
19:23 of 3rd period - Shot by Brett Connolly.
19:23 of 3rd period - Stopped by Henrik Lundqvist without a rebound.
19:24 of 3rd period - Matt Duchene wins face-off versus Ivan Barbashev in BOSTON zone.
19:33 of 3rd period - Shot by Brett Connolly.
19:33 of 3rd period - Stopped by Henrik Lundqvist without a rebound.
19:34 of 3rd period - Kevin Fiala wins face-off versus Shane Doan in BOSTON zone.
Goals for this period are 1 for BOSTON vs 1 for PHILADELPHIA.
Shots for this period are 7 for BOSTON vs 22 for PHILADELPHIA.

Overtime #1


0:01 of 1st overtime period - Jamie Benn wins face-off versus Drew Stafford in neutral zone.
0:37 of 1st overtime period - Shot by Jamie Benn.
0:37 of 1st overtime period - Shot Misses the Net.
0:52 of 1st overtime period - Off-side.
0:53 of 1st overtime period - Jamie Benn wins face-off versus Scott Hartnell in neutral zone.
1:13 of 1st overtime period - Icing by Oleg Yevenko.
1:14 of 1st overtime period - Scott Hartnell wins face-off versus Jamie Benn in BOSTON zone.
1:14 of 1st overtime period - Scott Hartnell is hit by Jack Skille.
1:22 of 1st overtime period - Shot by Kevin Fiala.
1:22 of 1st overtime period - Shot Misses the Net.
1:36 of 1st overtime period - Off-side.
1:37 of 1st overtime period - Mike Ribeiro wins face-off versus Derick Brassard in neutral zone.
1:48 of 1st overtime period - Shot by Derick Brassard.
1:48 of 1st overtime period - Shot Misses the Net.
1:58 of 1st overtime period - Dennis Seidenberg is hit by Shane Doan and loses puck.
2:44 of 1st overtime period - Shot by Jamie Benn.
2:44 of 1st overtime period - Stopped by Henrik Lundqvist without a rebound.
2:45 of 1st overtime period - Scott Hartnell wins face-off versus Jamie Benn in BOSTON zone.
2:54 of 1st overtime period - Shot by Jamie Benn.
2:54 of 1st overtime period - Deflect By Magnus Paajarvi.
2:54 of 1st overtime period - Shot Blocked by Ivan Provorov.
2:56 of 1st overtime period - Shot by Tyson Barrie.
2:56 of 1st overtime period - Stopped by Henrik Lundqvist without a rebound.
2:57 of 1st overtime period - Jamie Benn wins face-off versus Gemel Smith in BOSTON zone.
Goals for this period are 0 for BOSTON vs 0 for PHILADELPHIA.
Shots for this period are 0 for BOSTON vs 2 for PHILADELPHIA.

ShootOut


5:00 of 1st overtime period - Penalty Shot by Gemel Smith for BOSTON.
5:00 of 1st overtime period - Goal by Gemel Smith.
5:00 of 1st overtime period - Penalty Shot by Magnus Paajarvi for PHILADELPHIA.
5:00 of 1st overtime period - Stopped by Henrik Lundqvist.
5:00 of 1st overtime period - Penalty Shot by Evan Rodrigues for BOSTON.
5:00 of 1st overtime period - Shot Misses the Net.
5:00 of 1st overtime period - Penalty Shot by Jamie Benn for PHILADELPHIA.
5:00 of 1st overtime period - Goal by Jamie Benn.
5:00 of 1st overtime period - Penalty Shot by Markus Hannikainen for BOSTON.
5:00 of 1st overtime period - Stopped by Cory Schneider.
5:00 of 1st overtime period - Penalty Shot by Jimmy Hayes for PHILADELPHIA.
5:00 of 1st overtime period - Stopped by Henrik Lundqvist.
5:00 of 1st overtime period - Penalty Shot by Paul Gaustad for BOSTON.
5:00 of 1st overtime period - Stopped by Cory Schneider.
5:00 of 1st overtime period - Penalty Shot by Nick Cousins for PHILADELPHIA.
5:00 of 1st overtime period - Goal by Nick Cousins.